 Dungeon Crawl Stone Soup version 0.24-b1 (webtiles) character file.

Game seed: 5982293900939517240, levelgen mode: deterministic

153 MisterFreud the Changer (level 5, -14/22 HPs)
             Began as a Felid Transmuter on Oct 13, 2019.
             Was an Initiate of Okawaru.
             Demolished by Menkaure (24 damage)
             ... on level 4 of the Dungeon.
             The game lasted 00:07:01 (3614 turns).

MisterFreud the Changer (Felid Transmuter)          Turns: 3614, Time: 00:07:02

Health: -14/22     AC:  2    Str: 11    XL:     5   Next: 12%
Magic:  8/10       EV: 24    Int: 15    God:    Okawaru [......]
Gold:   149        SH:  0    Dex: 21    Spells: 4/10 levels left
                                        Lives:  0   Deaths: 1

rFire    . . .     SeeInvis +     - Unarmed
rCold    . . .     Gourm    .   (shield unavailable)
rNeg     . . .     Faith    .   (armour unavailable)
rPois    x         Spirit   .   (helmet unavailable)
rElec    .         Reflect  .   (cloak unavailable)
rCorr    .         Harm     .   (gloves unavailable)
MR       .....                  (boots unavailable)
Stlth    ++........             (no amulet)
HPRegen  0.07/turn              (no ring)
MPRegen  0.12/turn              e - +4 ring of strength

@: spider-form
A: tiny, no armour, no weapons or thrown items, stealth, see invisible,
carnivore, slow metabolism 1
a: End Transformation, Renounce Religion


You were on level 4 of the Dungeon.
You worshipped Okawaru.
Okawaru was noncommittal.
You were not hungry.
You were a venomous arachnid creature.
You visited 2 branches of the dungeon, and saw 5 of its levels.

You collected 149 gold pieces.

Inventory:

Missiles
 a - 48 arrows
Jewellery
 e - a +4 ring of strength (right front leg)
Scrolls
 f - 2 scrolls of identify
 g - a scroll of enchant armour
Potions
 b - a potion of flight
 j - 2 potions of degeneration
 l - a potion of curing
 o - a potion of might {unknown}
 s - a potion of berserk rage {unknown}
Comestibles
 c - 4 rations
 d - 4 chunks of flesh


   Skills:
 - Level 1.0 Fighting
 + Level 4.9 Dodging
 - Level 3.0 Unarmed Combat
 - Level 3.2 Spellcasting
 - Level 5.1 Transmutations


You had 4 spell levels left.
You knew the following spells:

 Your Spells              Type           Power        Failure   Level  Hunger
a - Beastly Appendage     Tmut           ###...       9%          1    #......
b - Sticks to Snakes      Tmut           ###.....     12%         2    ##.....
c - Spider Form           Tmut/Pois      ##........   41%         3    ###....

Your spell library contained the following spells:

 Spells                   Type           Power        Failure   Level  Hunger
 Ice Form                 Ice/Tmut       ##......     77%         4    #####..
 Blade Hands              Tmut           ###.......   75%         5    ######.


Dungeon Overview and Level Annotations

Branches:
Dungeon (4/15)             Temple (1/1) D:4

Altars:
Ashenzari
Cheibriados
Elyvilon
Fedhas
Gozag
Hepliaklqana
Kikubaaqudgha
Makhleb
Nemelex Xobeh
Okawaru
Qazlal
Ru
Sif Muna
Trog
Uskayaw
Vehumet
Wu Jian
Xom
Yredelemnul
Zin
The Shining One

Annotations:
D:4 Menkaure


Innate Abilities, Weirdness & Mutations

You cannot wear armour.
You are incapable of wielding weapons or throwing items.
Your paws allow you to move quietly. (Stealth)
((You have sharp claws.))
((You have razor-sharp teeth.))
You have supernaturally acute eyesight. (SInv)
You are carnivorous and can eat meat at any time.
((You cover ground quickly.))
((You are covered in fur. (AC +1)))
You have a slow metabolism.
((Your sharp claws are effective at attacking unaware monsters.))


Message History

You climb upwards.
Welcome back to the Dungeon!
Level annotation: Menkaure The orc hits you.
The orc closely misses you. Menkaure casts a spell at you.
You struggle to resist.
There is a staircase to the Ecumenical Temple, spattered with blood here.
Casting: Spider Form (safe; 21% risk of failure)
Confirm with . or Enter, or press ? or * to list all spells.
You turn into a venomous arachnid creature.
The orc hits you. The orc hits you with a +0 club.
You barely miss the orc. The orc closely misses you.
The orc hits you with a +0 club. The orc barely misses you. x2
You hit the orc but do no damage.
The orc is poisoned.
The orc misses you. The orc completely misses you.
You completely miss Menkaure. The orc completely misses you.
Menkaure closely misses you. The orc misses you.
You hit Menkaure but do no damage. The orc hits you. Menkaure hits you!!
Ouch! That really hurt!
You die...

# .#
##########.##
#...#...#...#
#.⌠?..>o..⌠.#
#.(.#.so#...#
### ##M## ###
#...#...#...#
#.⌠...⌠...⌠.#
#...#...#...#
##.###.######
#.. ... #.
#.⌠.. #
#...#.


You could see Menkaure and 2 orcs.

Vanquished Creatures
  A big kobold (D:3)
  A crimson imp (D:2)
  An orc priest (Temple)
  Jessica (D:3)
  4 adders
  A worm (D:2)
  3 dart slugs
  A leopard gecko (D:3)
  4 orcs
  2 giant cockroaches
  5 hobgoblins
  4 jackals (D:3)
  17 kobolds
  6 bats
  3 frilled lizards (D:2)
  9 goblins
  3 rats
66 creatures vanquished.

Notes
Turn   | Place    | Note
-------+----------+-------------------------------------------
     0 | D:1      | MisterFreud the Felid Transmuter began the quest for the
                  | Orb.
     0 | D:1      | Reached XP level 1. HP: 9/9 MP: 4/4
   196 | D:1      | Reached XP level 2. HP: 11/12 MP: 6/6
   200 | D:1      | Learned a level 2 spell: Sticks to Snakes
  1146 | D:2      | Reached skill level 3 in Transmutations
  1269 | D:2      | Reached XP level 3. HP: 15/15 MP: 8/8
  1437 | D:2      | Learned a level 3 spell: Spider Form
  2175 | D:2      | Reached XP level 4. HP: 16/19 MP: 3/9
  2293 | D:3      | Reached skill level 4 in Transmutations
  2319 | D:3      | Noticed a big kobold
  2342 | D:3      | Killed a big kobold
  2342 | D:3      | Reached skill level 5 in Transmutations
  2342 | D:3      | Reached XP level 5. HP: 4/22 MP: 5/10
  3058 | D:3      | Noticed Jessica
  3076 | D:3      | Killed Jessica
  3392 | D:4      | Found a staircase to the Ecumenical Temple.
  3393 | D:4      | Noticed Menkaure
  3399 | Temple   | Entered the Ecumenical Temple
  3515 | Temple   | Became a worshipper of Warmaster Okawaru
  3563 | Temple   | Slain by an orc
  3564 | Temple   | Reached XP level 4. HP: -2/19 MP: 8/9
  3569 | Temple   | Reached XP level 5. HP: 22/22 MP: 10/10
  3614 | D:4      | Demolished by Menkaure

Skill      XL: |  1  2  3  4  5 |
---------------+----------------+-----
Transmutations | 3 5 |  5.1
Spellcasting   | 3 |  3.2
Dodging        | 4 |  4.9
Fighting       | |  1.0
Unarmed Combat | |  3.0

Action                   |  1- 3 |  4- 6 || total
-------------------------+-------+-------++-------
Melee: Unarmed           |   112 |    99 ||   211
       Bite              |    11 |     5 ||    16
       Headbutt          |     3 |     2 ||     5
       Punch             |     1 |       ||     1
 Cast: Beastly Appendage |     7 |     1 ||     8
       Spider Form       |     2 |     9 ||    11
  Use: Potion            |     2 |       ||     2
       Scroll            |       |    12 ||    12
 Stab: Sleeping          |     6 |     1 ||     7
  Eat: Chunk             |     8 |     6 ||    14
Armor: Skin              |    17 |     8 ||    25
Dodge: Dodged            |    68 |   102 ||   170
